 Dungeon Crawl Stone Soup version 0.30-a0-726-gd89dcf765f (webtiles) character file.

Game seed: 5287928844026868045

822 Conn the Magician (level 7, -6/37 HPs)
             Began as a Deep Elf Fire Elementalist on Jan 29, 2023.
             Was an Initiate of Sif Muna.
             Mangled by Duvessa
             ... wielding a +0 rapier
              (14 damage)
             ... on level 5 of the Dungeon.
             The game lasted 00:15:36 (4427 turns).

Conn the Magician (Deep Elf Fire Elementalist)      Turns: 4427, Time: 00:15:37

Health: -6/37      AC:  3    Str:  5    XL:     7   Next: 63%
Magic:  6/19       EV: 13    Int: 22    God:    Sif Muna [......]
Gold:   219        SH:  0    Dex: 15    Spells: 10/20 levels left

rFire   . . .      SeeInvis .    m - +1 mace (pain)
rCold   + . .      Faith    .    (no shield)
rNeg    + + +      Spirit   .    a - +0 robe
rPois   .          Reflect  .    t - +0 helmet "Emy Cits" {rC+ rN+++ rCorr}
rElec   .          Harm     .    (no cloak)
rCorr   +          Rampage  .    (no gloves)
Will    .....                    (no boots)
Stlth   ++                       (no amulet)
HPRegen 0.26/turn                (no ring)
MPRegen 0.16/turn                (no ring)

@: very slightly contaminated
A: no striking features
a: Renounce Religion


You were on level 5 of the Dungeon.
You worshipped Sif Muna.
Sif Muna was noncommittal.
You visited 2 branches of the dungeon, and saw 6 of its levels.

You collected 219 gold pieces.

Inventory:

Hand Weapons
 g - a +0 dagger
 m - a +1 mace of pain (weapon)
 z - the +0 dagger "Astriolo" {antimagic, *Rage *Corrode rPois Int+5}
   (You found it on level 4 of the Dungeon)

   Int:       It affects your intelligence (+5).
   rPois:     It protects you from poison.
   *Rage:     It berserks you when you make melee attacks (+20% chance).
   *Corrode:  It may corrode you when you take damage.
Missiles
 q - 6 poisoned darts
Armour
 a - a +0 robe (worn)
 i - a +0 buckler
 t - the +0 helmet "Emy Cits" (worn) {rC+ rN+++ rCorr}
   (You took it off Robin on level 3 of the Dungeon)

   rC:        It protects you from cold.
   rN:        It renders you almost immune to negative energy.
   rCorr:     It protects you from acid and corrosion.
Wands
 k - a wand of charming (15)
Scrolls
 c - a scroll of enchant armour
 e - 2 scrolls of teleportation
 l - a scroll of immolation
 n - a scroll of brand weapon
 o - a scroll of magic mapping
 u - a scroll of torment
 y - a scroll of enchant weapon {unknown}
Potions
 b - a potion of magic
 d - a potion of mutation {unknown}
 h - 2 potions of heal wounds {unknown}
 p - a potion of brilliance
 r - 2 potions of ambrosia {unknown}
 s - 2 potions of curing {unknown}
 v - a potion of flight {unknown}


   Skills:
 + Level 0.5 Fighting
 + Level 1.0 Maces & Flails
 + Level 3.3 Dodging
 + Level 3.4 Stealth
 + Level 7.4 Spellcasting
 + Level 3.7 Conjurations
 + Level 0.1 Hexes
 + Level 6.2 Fire Magic


You had 10 spell levels left.
You knew the following spells:

 Your Spells              Type           Power      Damage    Failure   Level
a - Foxfire               Conj/Fire      100%       2x1d9     1%          1
b - Flame Wave            Conj/Fire      30%        2d9       10%         4
c - Inner Flame           Hex/Fire       22%        N/A       6%          3
e - Scorch                Fire           70%        2d8       1%          2

Your spell library contained the following spells:

 Spells                   Type           Power      Damage    Failure   Level
 Kindle Blastsparks       Fire/Tloc/Air  34%        2d12      10%         3
 Lesser Beckoning         Tloc           16%        N/A       12%         2
 Gell's Gravitas          Tloc           8%         N/A       24%         3
 Teleport Other           Tloc           8%         N/A       24%         3
 Fulminant Prism          Conj/Hex       8%         3d7       34%         4
 Iskenderun's Mystic Bla  Conj/Tloc      16%        2d5       36%         4
 Lee's Rapid Deconstruct  Erth           4%         3d5*      91%         5


Dungeon Overview and Level Annotations

Branches:
Dungeon (5/15)             Temple (1/1) D:4

Altars:
Cheibriados
Dithmenos
Elyvilon
Hepliaklqana
Kikubaaqudgha
Makhleb
Nemelex Xobeh
Okawaru
Ru
Sif Muna
Trog
Uskayaw
Wu Jian
Xom
Yredelemnul
Zin
The Shining One

Shops:
D:1 :

Annotations:
D:5 Duvessa
Temple 4 transporters


Message History

Unknown command.
Duvessa is engulfed in blazing flames.
Flame seeps out of Duvessa.
The ogre shouts!
The ogre is no longer more vulnerable to fire.
Duvessa hits you with a +0 rapier!
There is a stone staircase leading up, spattered with blood here.
Duvessa hits you with a +0 rapier.
As you read the scroll of fear, it crumbles to dust.
You assume a fearsome visage.
Duvessa is unaffected.
The ogre looks frightened!
Duvessa barely misses you.
The ogre prays for help.
You flicker for a moment.
Duvessa rages.
Duvessa closely misses you. Duvessa hits you with a +0 rapier.
Duvessa rages.
You flicker back into view.
Duvessa hits you with a +0 rapier!
* * * LOW HITPOINT WARNING * * *
Okay, then.
Unknown command.
Unknown command.
Okay, then.
Unknown command.
Unknown command.
Aiming: Charm
Press: ? - help, Shift-Dir - straight line, f/p - Duvessa
Aim: Duvessa, wielding a +0 rapier and wearing a +0 ring mail (lightly wounded, berserk, inner flame, chance to affect: 31%)
Okay, then.
Unknown command.
Aiming: Charm
Press: ? - help, Shift-Dir - straight line, f/p - Duvessa
Aim: Duvessa, wielding a +0 rapier and wearing a +0 ring mail (lightly wounded, berserk, inner flame, chance to affect: 31%) Duvessa easily resists.
Duvessa hits you with a +0 rapier.
* * * LOW HITPOINT WARNING * * *
Aiming: Charm
Press: ? - help, Shift-Dir - straight line, f/p - Duvessa
Aim: Duvessa, wielding a +0 rapier and wearing a +0 ring mail (lightly wounded, berserk, inner flame, chance to affect: 31%) Duvessa easily resists.
Duvessa hits you with a +0 rapier!
You die...

.......................###
.....#.....#..>.......#...#
.....#....####.?.....##... .#
........).........##..#.# #...
..................##....#.....
(..............#.........#
.#........#...###...<#.....
#.......#..#..##...## ...
##.......#..@e.....## .
#...........###....#
#...........##....##
#...........).....########.
##..............##......#..
#..............#.O.......♣
###....)...........#....♣
##..######....#..#....♣ ####
##...........♣


You could see Duvessa (berserk, inner flame).

Vanquished Creatures
  Menkaure (D:5)
  A black bear (D:4)
  An ogre (D:4)
  3 scorpions (D:4)
  Dowan (D:5)
  A jelly (D:5)
  Terence (D:2)
  Natasha (D:3)
  An iguana (D:3)
  Robin (D:3)
  9 adders
  3 dart slugs
  5 orcs
  9 endoplasms
  7 giant cockroaches
  17 goblins
  15 hobgoblins
  3 quokkas
  2 ball pythons
  6 bats
  A frilled lizard (D:3)
  6 kobolds
  6 rats
101 creatures vanquished.

Vanquished Creatures (others)
  178 foxfires
178 creatures vanquished.

Grand Total: 279 creatures vanquished

Notes
Turn   | Place    | Note
-------+----------+-------------------------------------------
     0 | D:1      | Conn the Deep Elf Fire Elementalist began the quest for the
                  | Orb.
     0 | D:1      | Reached XP level 1. HP: 10/10 MP: 6/6
   173 | D:1      | Reached XP level 2. HP: 15/15 MP: 0/8
   293 | D:1      | Found Cethelut's Vocational Training.
   510 | D:1      | Reached XP level 3. HP: 17/19 MP: 5/10
   513 | D:1      | Learned a level 2 spell: Scorch
   517 | D:1      | Learned a level 3 spell: Inner Flame
  1071 | D:2      | Noticed Terence
  1098 | D:2      | Killed Terence
  1099 | D:2      | Reached XP level 4. HP: 22/24 MP: 1/11
  1270 | D:2      | Reached skill level 4 in Spellcasting
  2246 | D:3      | Identified the +1 scale mail of the Pit {Slay+3}
  2256 | D:3      | Identified the +0 helmet "Emy Cits" {rC+ rN+++ rCorr}
  2256 | D:3      | Noticed Robin
  2257 | D:3      | Reached XP level 5. HP: 28/28 MP: 0/13
  2384 | D:3      | Killed Robin
  2478 | D:3      | Found a glowing golden altar of the Shining One.
  2793 | D:3      | Learned a level 4 spell: Flame Wave
  3028 | D:3      | Noticed Natasha
  3035 | D:3      | Killed Natasha
  3036 | D:3      | Reached skill level 5 in Spellcasting
  3187 | D:4      | Reached skill level 5 in Fire Magic
  3196 | D:4      | Reached XP level 6. HP: 17/32 MP: 0/16
  3446 | D:4      | Found a staircase to the Ecumenical Temple.
  3453 | Temple   | Entered the Ecumenical Temple
  3453 | Temple   | Found a transporter.
  3453 | Temple   | Found a transporter.
  3455 | Temple   | Found a transporter.
  3455 | Temple   | Found a transporter.
  3471 | Temple   | Became a worshipper of Sif Muna the Loreminder
  3608 | D:4      | Identified the +0 dagger "Astriolo" {antimagic, *Rage
                  | *Corrode rPois Int+5}
  3692 | D:4      | Reached skill level 6 in Spellcasting
  3787 | D:4      | Reached XP level 7. HP: 37/37 MP: 12/18
  4240 | D:5      | Entered Level 5 of the Dungeon
  4240 | D:5      | Noticed Menkaure
  4243 | D:5      | Killed Menkaure
  4244 | D:5      | Reached skill level 1 in Maces & Flails
  4244 | D:5      | Reached skill level 7 in Spellcasting
  4366 | D:5      | Noticed Dowan
  4370 | D:5      | Noticed Duvessa
  4380 | D:5      | Killed Dowan
  4427 | D:5      | Mangled by Duvessa

Illustrated notes

Levels and vault maps discovered:
D:1:      dpeg_arrival_lava_temple_mockup, layout_rooms, nicolae_shop_vocational
D:2:      layout_basic, wad_floor_pattern_2, kennysheep_nondescript,
          nicolae_hexahallways, kennysheep_generic_room_7, uniq_terence
D:3:      layout_loops_ring, lemuel_doored_altar, uniq_natasha, uniq_robin
D:4:      layout_loops_ring, minmay_temple_entry_enclosed_plants
D:5:      layout_cave_pools, kennysheep_nub, nrook_campfire,
          nicolae_figureground_pulse, uniq_blork_the_orc, uniq_menkaure,
          uniq_duvessa
Temple:   hellmonk_temple_divided_pantheon

Skill      XL: |  1  2  3  4  5  6  7 |
---------------+----------------------+-----
Fire Magic     | 4 5 6 |  6.2
Conjurations   | 2 3 |  3.7
Spellcasting   | 4 5 6 7 |  7.4
Dodging        | 3 |  3.3
Stealth        | 3 |  3.4
Maces & Flails | 1 |  1.0
Fighting       | |  0.5
Hexes          | |  0.1

Action                     |  1- 3 |  4- 6 |  7- 9 || total
---------------------------+-------+-------+-------++-------
  Melee: Dagger            |     9 |       |       ||     9
         Mace              |       |    48 |     6 ||    54
         Punch             |       |     1 |       ||     1
   Cast: Foxfire           |    57 |    43 |     8 ||   108
         Scorch            |     1 |    30 |    14 ||    45
         Inner Flame       |     1 |     1 |     4 ||     6
         Flame Wave        |       |     1 |       ||     1
  Evoke: Wand              |       |       |     2 ||     2
    Use: Scroll            |       |     7 |     5 ||    12
         Potion            |       |       |     1 ||     1
   Stab: Sleeping          |       |     2 |     1 ||     3
 Armour: Robe              |     7 |     6 |     2 ||    15
  Dodge: Dodged            |    10 |    46 |     9 ||    65

Table legend: (Time is in decaauts)
 A = Elapsed time spent in this place.
 B = Non-inter-level travel time spent in this place.
 C = Inter-level travel time spent in this place.
 D = Time resting spent in this place.
 E = Time spent auto-exploring this place.
 F = Levels seen in this place.
 G = Mean time per level.
                   A        B        C        D        E       F      G
               +--------+--------+--------+--------+--------+-----+--------+
         Total |   4450 |   4337 |    113 |     82 |   3028 |   6 |  741.7 |
       Dungeon |   4411 |   4298 |    113 |     82 |   3028 |   5 |  882.2 |
        Temple |     38 |     38 |      0 |      0 |      0 |   1 |   38.0 |
               +--------+--------+--------+--------+--------+-----+--------+

Top non-repeatable levels by time:
     D:2: 1353 daAuts
     D:4: 1055 daAuts
     D:1: 932 daAuts
     D:3: 883 daAuts
     D:5: 186 daAuts
  Temple: 38 daAuts
